General information
- name: BNet
- type: Ladder team game (AT/RT)
- host: Battle.net
- saver: boli
map: GoldRush
- players: 8
- length: 16:03
- speed: Fast
- version: 1.24 W3XP
- replay type: Public
» download(44 KB)
Players
team 1 (winner)

»
boli (
green | 0 APM | 0 actions | 16:03)
Ex949 (
orange | 39 APM | 59 actions | 01:30)
» actions
| Build / train | 3 | |
| Enter build submenu | 4 | |
| Right click | 16 | |
| Select / deselect | 32 | |
| Use ability | 4 | |
59 total
» units
» buildings
| Graveyard | 1 | |
| Crypt | 1 | |
| Ziggurat | 1 | |
| Altar of Darkness | 1 | |
4 total
» build order
00:06 Graveyard
00:11 Crypt
00:38 Ziggurat
00:59 Altar of Darkness
gust.kiss (
yellow | 54 APM | 77 actions | 01:26)
» actions
| Assign group hotkey | 1 | |
| Build / train | 10 | |
| Enter build submenu | 4 | |
| Remove unit from queue | 1 | |
| Right click | 28 | |
| Select / deselect | 25 | |
| Select group hotkey | 5 | |
| Use ability | 3 | |
77 total
» units
» buildings
| Altar of Storms | 1 | |
| Orc Burrow | 1 | |
| Barracks | 1 | |
3 total
» build order
00:07 Altar of Storms
00:18 Orc Burrow
00:36 Barracks
FingerBang (
blue | 31 APM | 46 actions | 01:29)
» actions
| Build / train | 6 | |
| Enter build submenu | 3 | |
| Right click | 12 | |
| Select / deselect | 22 | |
| Use ability | 3 | |
46 total
» units
» buildings
| Altar of Storms | 1 | |
| Orc Burrow | 1 | |
| Barracks | 1 | |
3 total
» build order
00:09 Altar of Storms
00:20 Orc Burrow
00:33 Barracks
team 2 (loser)
73RM1N470R (
pink | 86 APM | 564 actions | 06:34)
2 Archmage
1 Summon Water Elemental
1 Brilliance Aura
» actions
| Assign group hotkey | 14 | |
| Basic commands | 4 | |
| Build / train | 29 | |
| ESC pressed | 2 | |
| Enter build submenu | 22 | |
| Enter hero's abilities submenu | 2 | |
| Right click | 242 | |
| Select / deselect | 115 | |
| Select group hotkey | 106 | |
| Use ability | 28 | |
564 total
» units
» buildings
| Altar of Kings | 1 | |
| Barracks | 2 | |
| Farm | 5 | |
| Lumber Mill | 1 | |
| Scout Tower | 12 | |
| Guard Tower | 7 | |
28 total
» build order
00:08 Altar of Kings
00:19 Barracks
00:35 Farm
00:49 Farm
01:16 Lumber Mill
02:18 Farm
02:46 Barracks
03:01 Scout Tower
03:05 Scout Tower
03:06 Scout Tower
03:40 Guard Tower
03:40 Guard Tower
03:42 Farm
03:44 Guard Tower
03:45 Farm
04:21 Scout Tower
04:53 Guard Tower
04:56 Scout Tower
04:59 Scout Tower
05:01 Scout Tower
05:14 Scout Tower
05:20 Scout Tower
05:33 Guard Tower
05:37 Scout Tower
05:39 Guard Tower
05:43 Guard Tower
05:55 Scout Tower
06:29 Scout Tower

»
niGhT_blOoDy (
red | 128 APM | 843 actions | 06:34)
1 Beastmaster
1 Summon Quilbeast
» actions
| Assign group hotkey | 27 | |
| Basic commands | 130 | |
| Build / train | 22 | |
| ESC pressed | 4 | |
| Enter build submenu | 11 | |
| Enter hero's abilities submenu | 1 | |
| Right click | 197 | |
| Select / deselect | 75 | |
| Select group hotkey | 355 | |
| Use ability | 21 | |
843 total
» units
| Wisp | 13 | |
| Archer | 2 | |
| Glaive Thrower | 4 | |
19 total
» buildings
| Ancient of War | 4 | |
| Moon Well | 3 | |
| Altar of Elders | 1 | |
| Hunter's Hall | 1 | |
9 total
» build order
00:25 Ancient of War
01:03 Ancient of War
01:06 Moon Well
01:12 Altar of Elders
02:19 Moon Well
02:45 Ancient of War
02:54 Hunter's Hall
03:48 Moon Well
06:18 Ancient of War

»
The_Doctor_ (
teal | 28 APM | 186 actions | 06:34)
1 Far Seer
1 Feral Spirit
» actions
| Assign group hotkey | 9 | |
| Basic commands | 4 | |
| Build / train | 17 | |
| Enter build submenu | 5 | |
| Enter hero's abilities submenu | 1 | |
| Right click | 21 | |
| Select / deselect | 76 | |
| Select group hotkey | 45 | |
| Use ability | 8 | |
186 total
» units
» upgrades
» buildings
| Altar of Storms | 1 | |
| Orc Burrow | 4 | |
| Barracks | 1 | |
6 total
» build order
00:11 Altar of Storms
00:15 Orc Burrow
00:56 Barracks
01:31 Orc Burrow
03:23 Orc Burrow
03:24 Orc Burrow

»
Hisana (
purple | 49 APM | 322 actions | 06:34)
1 Beastmaster
1 Summon Quilbeast
» actions
| Assign group hotkey | 13 | |
| Basic commands | 2 | |
| Build / train | 25 | |
| Enter build submenu | 11 | |
| Enter hero's abilities submenu | 1 | |
| Right click | 71 | |
| Select / deselect | 96 | |
| Select group hotkey | 89 | |
| Use ability | 14 | |
322 total
» units
» upgrades
| Strength of the Moon | 1 | |
| Moon Armor | 1 | |
2 total
» buildings
| Moon Well | 6 | |
| Ancient of War | 1 | |
| Altar of Elders | 1 | |
| Hunter's Hall | 1 | |
| Ancient Protector | 1 | |
10 total
» build order
00:18 Moon Well
00:34 Ancient of War
01:03 Altar of Elders
01:28 Moon Well
02:17 Moon Well
03:18 Moon Well
03:51 Hunter's Hall
04:36 Moon Well
04:59 Ancient Protector
06:15 Moon Well
Chat log
(00:50 / Allies) gust.kiss: fuck
(00:54 / Allies) FingerBang: still not here
(01:00 / Allies) gust.kiss: gg im out
(01:12 / Allies) Ex949: two in a row with retards
(01:40 / All) The_Doctor_: tker??
(01:52 / All) The_Doctor_: or afk?
(02:26 / All) The_Doctor_: afk
(02:33 / All) The_Doctor_: kill their bases